 Dungeon Crawl Stone Soup version 0.25-a0-167-g836c352ace (webtiles) character file.

Game seed: 3789492464123605036, levelgen mode: deterministic

121 DavidChitty2 the Conjurer (level 4, 0/24 HPs)
             Began as a Deep Elf Conjurer on Nov 25, 2019.
             Slain by a big kobold
             ... wielding a +0 club
              (3 damage)
             ... in a sewer.
             The game lasted 00:03:59 (2437 turns).

DavidChitty2 the Conjurer (Deep Elf Conjurer)       Turns: 2437, Time: 00:04:00

Health: 0/24       AC:  3    Str:  5    XL:     4   Next: 77%
Magic:  0/12       EV: 14    Int: 21    God:
Gold:   106        SH:  0    Dex: 15    Spells: 4/11 levels left

rFire    . . .     SeeInvis .   a - +0 dagger
rCold    . . .     Gourm    .   (no shield)
rNeg     . . .     Faith    .   k - +0 robe
rPois    .         Spirit   .   g - +0 helmet (curse)
rElec    .         Reflect  .   (no cloak)
rCorr    .         Harm     .   (no gloves)
MR       .....                  (no boots)
Stlth    ++........             (no amulet)
HPRegen  0.08/turn              (no ring)
MPRegen  0.13/turn              (no ring)

@: no status effects
A: no striking features
a: no special abilities


You were in a sewer.
You were very hungry.

You visited 1 branch of the dungeon, and saw 3 of its levels.
You also visited: Sewer.

You collected 106 gold pieces.

Inventory:

Hand Weapons
 a - a +0 dagger (weapon)
   (You took it off a kobold on level 2 of the Dungeon)
Missiles
 c - 72 stones (quivered)
Armour
 g - a cursed +0 helmet (worn)
   (You found it on level 1 of the Dungeon)
 k - a +0 robe (worn)
Scrolls
 b - a scroll of fog {unknown}
 f - a scroll of identify {unknown}
 h - a scroll of teleportation {unknown}
 l - a scroll of immolation {unknown}
 m - a scroll of noise {unknown}
Potions
 d - 3 potions of heal wounds {unknown}
 i - 2 potions of flight {unknown}
 j - a potion of resistance {unknown}
Comestibles
 e - 4 rations {!d}
 n - a chunk of flesh


   Skills:
 + Level 3.7 Dodging
 - Level 2.4 Stealth
 + Level 4.2 Spellcasting
 * Level 5.7 Conjurations


You had 4 spell levels left.
You knew the following spells:

 Your Spells              Type           Power        Failure   Level  Hunger
a - Magic Dart            Conj           ####         1%          1    None
s - Searing Ray           Conj           ####..       1%          2    #......
x - Iskenderun's Mystic   Conj           ####....     11%         4    ####...

Your spell library contained the following spells:

 Spells                   Type           Power        Failure   Level  Hunger
 Dazzling Spray           Conj/Hex       ###...       11%         3    ###....
 Force Lance              Conj/Tloc      ###.....     34%         4    ####...
 Fulminant Prism          Conj/Hex       ###.......   34%         4    ####...


Dungeon Overview and Level Annotations

Branches:
Dungeon (3/15)              Sewer (1/1)

Altars:


Message History

n - a chunk of flesh You see here a rat skeleton. x2
You open the door. 2 kobolds and a big kobold come into view.
The big kobold shouts!
The kobold shouts!
The big kobold throws a stone.
The stone hits you but does no damage.
Found a spear and an emerald potion.
Aim: a big kobold, wielding a +0 club The orb of energy misses the big kobold.
The kobold shouts!
You are feeling hungry.
The big kobold throws a stone.
The stone misses you.
Aim: a big kobold, wielding a +0 club The orb of energy hits the big kobold!
Aim: a big kobold, wielding a +0 club (moderately wounded)
The orb of energy hits the big kobold.
You see here a stone.
You see here a rat skeleton.
The kobold completely misses you.
There is a gate leading back out of this place here.
Aim: a big kobold, wielding a +0 club (heavily wounded)
The magic dart hits the kobold but does no damage.
The kobold closely misses you.
Aim: a big kobold, wielding a +0 club (moderately wounded)
The magic dart hits the kobold.
You kill the kobold!
The big kobold throws a stone.
The stone hits you.
Aim: a big kobold, wielding a +0 club (moderately wounded)
The magic dart hits the big kobold!
The big kobold barely misses you.
You hit the big kobold. The big kobold hits you with a +0 club.
You hit the big kobold but do no damage.
The big kobold misses you.
You completely miss the big kobold. The big kobold misses you.
You hit the big kobold but do no damage.
You barely miss the big kobold. The big kobold hits you with a +0 club.
Aim: a big kobold, wielding a +0 club (severely wounded)
The magic dart hits the big kobold.
The big kobold hits you but does no damage.
You barely miss the big kobold.
You are feeling very hungry.
The big kobold hits you with a +0 club.
* * * LOW HITPOINT WARNING * * *
You closely miss the big kobold. The big kobold hits you with a +0 club.
* * * LOW HITPOINT WARNING * * *
You hit the big kobold but do no damage.
The big kobold hits you with a +0 club.
* * * LOW HITPOINT WARNING * * *
You barely miss the big kobold. The big kobold hits you with a +0 club.
You die...

##### #∩..## #####
###..#####KK@# #####
##..##...######...#### #
..##.......#####........## .#.
.............##....÷......#....
............÷.K.......(..('....
.....................≈.≈≈≈≈#....
≈..........≈≈≈≈.≈.≈≈≈≈≈≈≈≈≈# .#.
≈≈.........≈≈≈≈≈≈≈≈≈≈≈≈≈≈≈≈# #
≈≈≈≈≈≈≈...≈≈≈≈≈≈≈≈≈≈≈≈≈≈≈≈≈≈≈


You could see a big kobold and a kobold.

Vanquished Creatures
  3 adders
  5 river rats
  An ooze (D:3)
  A worm (D:3)
  A dart slug (D:2)
  A leopard gecko (D:2)
  A giant cockroach (D:1)
  6 goblins
  6 hobgoblins
  2 bats
  3 frilled lizards
  5 kobolds
  11 rats
46 creatures vanquished.

Notes
Turn   | Place    | Note
-------+----------+-------------------------------------------
     0 | D:1      | DavidChitty2 the Deep Elf Conjurer began the quest for the
                  | Orb.
     0 | D:1      | Reached XP level 1. HP: 10/10 MP: 6/6
   426 | D:1      | Reached XP level 2. HP: 15/15 MP: 5/8
   456 | D:1      | Learned a level 2 spell: Searing Ray
   997 | D:2      | Reached skill level 5 in Conjurations
   997 | D:2      | Reached XP level 3. HP: 11/19 MP: 7/10
  1806 | D:3      | Reached XP level 4. HP: 24/24 MP: 5/11
  2240 | D:3      | Found a glowing drain.
  2247 | Sewer    | Entered a sewer
  2253 | Sewer    | Learned a level 4 spell: Iskenderun's Mystic Blast
  2401 | Sewer    | Noticed a big kobold
  2437 | Sewer    | Slain by a big kobold

Levels and vault maps discovered:
D:1:      minmay_arrival_stone_box, layout_rooms
D:2:      layout_basic, serial_glass, glass_columns_c, glass_columns_a,
          glass_columns_a, glass_columns_a, glass_columns_a, glass_columns_a,
          glass_columns_b, glass_columns_b
D:3:      lemuel_upstairs_altar, layout_loops_ring,
          grunt_dithmenos_smoke_and_mirrors, lightli_sewer_entry_pipes,
          serial_bayou_lagoon_b, uniq_natasha
Sewer:    sewer_minmay_treatment

Skill      XL: |  1  2  3  4 |
---------------+-------------+-----
Dodging        | 3 |  3.7
Conjurations   | 5 |  5.7
Spellcasting   | 4 |  4.2
Stealth        | |  2.4

Action                   |  1- 3 |  4- 6 || total
-------------------------+-------+-------++-------
Melee: Dagger            |     5 |     9 ||    14
 Cast: Magic Dart        |    83 |    40 ||   123
       Searing Ray       |     1 |       ||     1
       Iskenderun's Myst |       |     3 ||     3
  Eat: Chunk             |     3 |     1 ||     4
Armor: Robe              |     1 |     1 ||     2
Dodge: Dodged            |    12 |    17 ||    29

Table legend:
 A = Non-vault XP
 B = Vault XP
 C = Vault XP percentage of total XP
 D = Non-vault monster count
 E = Vault monster count
 F = Vault count percentage of total count
                 A         B        C        D         E       F
            +---------+---------+-------+---------+---------+-------
      Total |      70 |     104 |  59.8 |      31 |      15 |  32.6
            +---------+---------+-------+---------+---------+-------
        D:1 |      14 |       0 |   0.0 |       9 |       0 |   0.0
        D:2 |      44 |       0 |   0.0 |      18 |       0 |   0.0
        D:3 |      12 |      87 |  87.9 |       4 |      10 |  71.4
      Sewer |       0 |      17 | 100.0 |       0 |       5 | 100.0
            +---------+---------+-------+---------+---------+-------
